 Dungeon Crawl Stone Soup version 0.18-a0-971-g0af6217 (webtiles) character file.

117 JustSomeDude the Ruffian (level 4, -3/40 HPs)
             Began as a Minotaur Monk on Jan 2, 2016.
             Slain by a gnoll
             ... wielding a cursed +0 spear
              (4 damage)
             ... on level 3 of the Dungeon.
             The game lasted 00:04:25 (1567 turns).

JustSomeDude the Ruffian (Minotaur Monk)            Turns: 1567, Time: 00:04:26

Health: -3/40      AC:  8    Str: 16    XL:     4   Next: 71%
Magic:  3/3        EV:  8    Int:  7    God:
Gold:   59         SH:  0    Dex: 13    Spells: 0 memorised, 3 levels left

rFire  . . .     SeeInvis .     t - +2 war axe (flame)
rCold  . . .     Gourm    .     c - +0 chain mail
rNeg   . . .     Faith    .     (no shield)
rPois  .         Spirit   .     (helmet restricted)
rElec  .         Dismiss  .     (no cloak)
rCorr  .         Reflect  .     (no gloves)
SustAt .         Harm     .     (no boots)
MR     .....                    (no amulet)
Stlth  ..........               (no ring)
                                (no ring)

@: starving, not resistant to hostile enchantments, extremely unstealthy
A: retaliatory headbutt, horns 2
a: no special abilities


You were on level 3 of the Dungeon.
You were starving.

You visited 1 branch of the dungeon, and saw 3 of its levels.

You collected 59 gold pieces.

Inventory:

Hand Weapons
 t - a +2 war axe of flaming (weapon)
Armour
 c - a +0 chain mail (worn)
Jewellery
 d - an uncursed ring of fire {unknown}
 k - an uncursed ring of poison resistance {unknown}
Scrolls
 a - a scroll of recharging {unknown}
 e - a scroll of enchant weapon {unknown}
 f - 6 scrolls of identify {unknown}
 g - 2 scrolls of teleportation {unknown}
 h - a scroll of enchant armour {unknown}
 l - a scroll of remove curse {unknown}
 m - 2 scrolls of fog {unknown}
 s - a scroll of amnesia {unknown}
 u - a scroll of immolation {unknown}
Potions
 i - a potion of lignification {unknown}
 o - a potion of brilliance {unknown}
 p - 2 potions of curing {unknown}
 q - a potion of flight {unknown}
 r - a potion of agility {unknown}
Comestibles
 b - 4 bread rations
 j - 2 meat rations
 n - 3 fruits


   Skills:
 + Level 4.2 Fighting
 + Level 1.6 Armour
 + Level 4.0 Dodging
 + Level 1.7 Stealth
 + Level 5.6 Unarmed Combat


You had 3 spell levels left.
You didn't know any spells.

Dungeon Overview and Level Annotations

Branches:
Dungeon (3/15)

Altars:
Ru


Innate Abilities, Weirdness & Mutations

You reflexively headbutt those who attack you in melee.
You have a pair of horns on your head.


Message History

The gnoll barely misses you.
Unknown command.
You barely miss the gnoll.
You headbutt the gnoll, but do no damage.
The gnoll is almost dead.
The gnoll closely misses you. x2
The gnoll hits you but does no damage. x2
You closely miss the gnoll. Your punch misses the gnoll.
The gnoll is almost dead.
The gnoll hits you with a whip.
* * * LOW HITPOINT WARNING * * *
The gnoll closely misses you.
Unknown command.
Your chain mail prevents you from hitting the gnoll.
You headbutt the gnoll, but do no damage.
The gnoll is almost dead.
The gnoll hits you with a whip.
* * * LOW HITPOINT WARNING * * *
The gnoll hits you from afar with a spear.
You die...

#### ..#
#.# #.#
#@# #g#
#g#
#.)....#
#.b##..#
#. #..#
.. ...#
#. ##.#
# .#


You could see 2 gnolls.

Vanquished Creatures
  5 gnolls
  3 adders (D:2)
  A worm (D:2)
  3 giant geckos
  3 giant cockroaches
  5 goblins
  2 hobgoblins
  7 bats
  A giant newt (D:2)
  3 kobolds
  6 rats
  A plant (D:2)
40 creatures vanquished.

Notes
Turn   | Place    | Note
--------------------------------------------------------------
     0 | D:1      | JustSomeDude the Minotaur Monk began the quest for the Orb.
     0 | D:1      | Reached XP level 1. HP: 19/19 MP: 0/0
   240 | D:1      | Reached XP level 2. HP: 27/27 MP: 1/1
  1023 | D:2      | Reached skill level 5 in Unarmed Combat
  1089 | D:2      | Reached XP level 3. HP: 30/33 MP: 2/2
  1223 | D:2      | Reached skill level 1 in Armour
  1229 | D:2      | Reached XP level 4. HP: 32/40 MP: 3/3
  1306 | D:2      | Found a sacrificial altar of Ru.
  1567 | D:3      | HP: 1/40 [gnoll/whip (5)]
  1567 | D:3      | Slain by a gnoll

Vault maps used:
D:1:      zelgadis_glass_arrival_large
D:2:      wad_crossroads, nicolae_ru_sacrificial_ziggurat, first_bread,
          serial_forest, infiniplex_forest_clump_double,
          infiniplex_forest_lined_2, infiniplex_forest_straight_2,
          infiniplex_forest_lined_3, infiniplex_forest_lined_ring,
          infiniplex_forest_zigzag_1, infiniplex_forest_clump_curved,
          infiniplex_forest_end_2, infiniplex_forest_lined_3, uniq_iyjb
D:3:      nicolae_overflow_crystal_walls, grunt_qazlal_clouds

Action                   |  1- 3 |  4- 6 || total
-------------------------+-------+-------++-------
Melee: Unarmed           |    77 |    12 ||    89
       War axe           |       |    22 ||    22
